 Dungeon Crawl Stone Soup version 0.30-a0-1103-g25895a7845 (webtiles) character file.

Game seed: 16094245848289730788

140 IdlyInterested the Trooper (level 5, -1/42 HPs)
             Began as a Demonspawn Fighter on Apr 18, 2023.
             Slain by an orc wizard
             ... wielding a +0 dagger
              (2 damage)
             ... on level 4 of the Dungeon.
             The game lasted 00:05:56 (2579 turns).

IdlyInterested the Trooper (Demonspawn Fighter)     Turns: 2579, Time: 00:05:57

Health: -1/42      AC:  6    Str: 16    XL:     5   Next: 2%
Magic:  7/8        EV: 10    Int: 15    God:
Gold:   197        SH:  5    Dex: 15    Spells: 8/8 levels left

rFire   . . .      SeeInvis .    q - +2 whip (drain)
rCold   . . .      Faith    .    c - +0 buckler
rNeg    . . .      Spirit   .    b - +0 scale mail
rPois   .          Reflect  .    (no helmet)
rElec   .          Rampage  .    (no cloak)
rCorr   .                        (no gloves)
Will    .....                    (no boots) Stlth
                                 (no amulet)
HPRegen 0.27/turn                s - +6 ring of intelligence
MPRegen 0.22/turn                (no ring)

@: no status effects
A: hooves 1, repulsion field 1, magic regeneration
a: no special abilities


You were on level 4 of the Dungeon.
You visited 1 branch of the dungeon, and saw 4 of its levels.

You collected 197 gold pieces.

Inventory:

Hand Weapons
 a - a +0 flail
 k - a +0 mace
 q - a +2 whip of draining (weapon)
Missiles
 f - 2 poisoned darts
 m - 37 stones (quivered)
Armour
 b - a +0 scale mail (worn)
 c - a +0 buckler (worn)
Jewellery
 s - a +6 ring of intelligence (left hand)
Wands
 r - a wand of digging (5)
Scrolls
 g - 2 scrolls of blinking {unknown}
 h - 2 scrolls of identify {unknown}
 n - a scroll of fear {unknown}
 o - a scroll of amnesia {unknown}
 p - 4 scrolls of teleportation {unknown}
Potions
 d - a potion of might
 e - 5 potions of curing {unknown}
 i - a potion of invisibility {unknown}
 j - a potion of mutation {unknown}
 l - a potion of cancellation {unknown}
 t - 2 potions of magic {unknown}
 u - a potion of degeneration {unknown}


   Skills:
 + Level 4.2 Fighting
 - Level 1.7 Maces & Flails
 - Level 1.0 Throwing
 - Level 3.0 Armour
 - Level 1.0 Stealth
 - Level 2.6 Shields
 * Level 2.1 Spellcasting
 - Level 1.0 Evocations


You had 8 spell levels left.
You didn't know any spells.
Your spell library contained the following spells:

 Spells                   Type           Power      Damage    Failure   Level
 Cigotuvi's Dreadful Rot  Necr/Pois/Air  2%         N/A       83%         2
 Lesser Beckoning         Tloc           2%         N/A       83%         2
 Sublimation of Blood     Necr           1%         N/A       83%         2
 Wereblood                Tmut           1%         N/A       83%         2
 Gell's Gravitas          Tloc           1%         N/A       97%         3
 Ignite Poison            Fire/Tmut/Pois 1%         N/A       97%         3
 Teleport Other           Tloc           1%         N/A       97%         3
 Freezing Cloud           Conj/Ice/Air   0%         6-21      100%        5
 Summon Hydra             Summ           0%         N/A       100%        7


Dungeon Overview and Level Annotations

Branches:
Dungeon (4/15)
 Temple: D:4-7

Altars:


Innate Abilities, Weirdness & Mutations

You have large cloven feet.
You are surrounded by a mild repulsion field. (EV +2)
You regenerate magic rapidly.


Message History

The orc priest calls down the wrath of Beogh upon you.
Beogh smites you! The orc barely misses you. The hound barely misses you.
You hit the orc priest. You drain the orc priest.
You kill the orc priest!
The hound barely misses you.
A sleepcap comes into view.
The orc hits you but does no damage. You block the orc's attack.
The orc hits you with a +0 war axe.
Your Spellcasting skill increases to level 2!
You have reached level 5!
Your demonic ancestry asserts itself...
Your feet thicken and deform.
You closely miss the orc. You kick the orc, but do no damage.
The hound bites you. The orc hits you but does no damage.
You block the orc's attack. The orc hits you with a +0 war axe.
* * * LOW HITPOINT WARNING * * *
The hound completely misses you.
You hit the orc. You drain the orc. You kick the orc.
You kill the orc!
The hound bites you but does no damage. The orc misses you.
You closely miss the hound. The hound bites you but does no damage.
You block the orc's attack. You block the hound's attack.
You hit the hound. Your kick misses the hound.
The hound is moderately wounded.
The hound closely misses you. The orc closely misses you.
Something hits you but does no damage.
You hit the hound. Your kick misses the hound.
The hound is moderately wounded.
The hound bites you but does no damage. The orc misses you.
The orc hits you from afar with a +0 trident!
* * * LOW HITPOINT WARNING * * *
The hound bites you but does no damage.
You closely miss the hound.
The hound is moderately wounded.
The hound bites you.
* * * LOW HITPOINT WARNING * * *
The orc hits you from afar with a +0 trident.
* * * LOW HITPOINT WARNING * * *
Something hits you.
You die...

#.#....###.##### ?...
#.....#.##.....##...#
#............#....###
.##....................
.....................#
.......##.)........#
#..<..).........##
##........#...o..##
#.....<....#..@h...#
#............){....#
................fo...#
.#.........#...###...##
..........##..... ...#
................. ...#
.........#..#. ... ...#
....


You could see a sleepcap, a hound and 2 orcs.

Vanquished Creatures
  An orc priest (D:4)
  4 gnolls (D:3)
  3 adders
  2 orcs (D:4)
  4 ball pythons
  4 endoplasms
  2 goblins
  2 hobgoblins
  2 jackals (D:1)
  8 kobolds
  4 bats
  5 frilled lizards
  7 rats
48 creatures vanquished.

Notes
Turn   | Place    | Note
-------+----------+-------------------------------------------
     0 | D:1      | IdlyInterested the Demonspawn Fighter began the quest for
                  | the Orb.
     0 | D:1      | Reached XP level 1. HP: 18/18 MP: 1/1
   336 | D:1      | Gained mutation: You regenerate magic rapidly. [demonic
                  | ancestry]
   336 | D:1      | Reached XP level 2. HP: 24/24 MP: 2/2
   896 | D:2      | Reached skill level 1 in Stealth
  1306 | D:2      | Reached skill level 1 in Spellcasting
  1323 | D:2      | Gained mutation: You are surrounded by a mild repulsion
                  | field. (EV +2) [demonic ancestry]
  1323 | D:2      | Reached XP level 3. HP: 22/29 MP: 4/4
  1367 | D:2      | Found a faded altar of an unknown god.
  1965 | D:3      | Reached skill level 1 in Throwing
  1969 | D:3      | Reached XP level 4. HP: 18/37 MP: 5/5
  1974 | D:3      | Reached skill level 1 in Evocations
  1978 | D:3      | Reached skill level 4 in Fighting
  2574 | D:4      | Gained mutation: You have large cloven feet. [demonic
                  | ancestry]
  2574 | D:4      | Reached XP level 5. HP: 19/42 MP: 6/8
  2579 | D:4      | HP: 1/42 [orc/+0 trident (3)]
  2579 | D:4      | Slain by an orc wizard

Illustrated notes

Levels and vault maps discovered:
D:1:      erik_arrival_triangle_medium, layout_basic
D:2:      layout_basic, shapermc_ecumenical_altar_mp_highgroup
D:3:      layout_loops_cross
D:4:      layout_layer_cave, enter_ossuary_1, st_stairs_11, uniq_sigmund

Skill      XL: |  1  2  3  4 |
---------------+-------------+-----
Armour         | 3 |  3.0
Stealth        | 1 |  1.0
Spellcasting   | 1 2 |  2.1
Throwing       | 1 |  1.0
Evocations     | 1 |  1.0
Fighting       | 4 |  4.2
Maces & Flails | |  1.7
Shields        | |  2.6

Action                     |  1- 3 |  4- 6 || total
---------------------------+-------+-------++-------
  Melee: Flail             |    96 |     9 ||   105
         Whip              |       |    27 ||    27
         Kick              |       |     2 ||     2
  Throw: Dart              |     2 |       ||     2
         Stone             |     1 |       ||     1
 Armour: Scale mail        |    46 |    16 ||    62
  Dodge: Dodged            |    46 |    22 ||    68
  Block: Buckler           |    28 |    10 ||    38

Table legend: (Time is in decaauts)
 A = Elapsed time spent in this place.
 B = Non-inter-level travel time spent in this place.
 C = Inter-level travel time spent in this place.
 D = Time resting spent in this place.
 E = Time spent auto-exploring this place.
 F = Levels seen in this place.
 G = Mean time per level.
                   A        B        C        D        E       F      G
               +--------+--------+--------+--------+--------+-----+--------+
         Total |   2617 |   2380 |    237 |    229 |   1666 |   4 |  654.2 |
       Dungeon |   2617 |   2380 |    237 |    229 |   1666 |   4 |  654.2 |
               +--------+--------+--------+--------+--------+-----+--------+

Top non-repeatable levels by time:
     D:1: 997 daAuts
     D:2: 802 daAuts
     D:3: 791 daAuts
     D:4: 26 daAuts
